 Dungeon Crawl Stone Soup version 0.28.0-1-gb440e238dd (webtiles) character file.

Game seed: 14170866107412247514

6426 AlmostDecent the Cleaver (level 11, -11/86 HPs)
             Began as a Formicid Fighter on Feb 19, 2022.
             Was an Initiate of Gozag.
             Mangled by a death knight (39 damage)
             ... on level 9 of the Dungeon.
             The game lasted 00:32:26 (10035 turns).

AlmostDecent the Cleaver (Formicid Fighter)        Turns: 10035, Time: 00:32:27

Health: -11/86     AC: 15    Str: 23    XL:     11   Next: 18%
Magic:  0/11       EV:  5    Int:  8    God:    Gozag
Gold:   623        SH:  8    Dex: 12    Spells: 10/10 levels left

rFire   + . .      SeeInvis +   a - +0 war axe
rCold   . . .      Faith    .   y - +0 kite shield
rNeg    . . .      Spirit   +   q - +0 plate armour
rPois   .          Reflect  .   (helmet unavailable)
rElec   .          Harm     .   (no cloak)
rCorr   .          Rampage  .   u - +0 pair of gloves
Will    +....                   e - +1 pair of boots
Stlth   ..........              p - amulet of guardian spirit
HPRegen 0.24/turn               g - +4 ring of slaying
MPRegen 0.12/turn               n - ring of protection from fire

@: mighty, lethally poisoned (-11 -> -40), unable to read
A: permanent stasis, dig shafts and tunnels, antennae 3, four strong arms,
talons 1, inability to read while threatened
a: Dig, Shaft Self, Renounce Religion, Potion Petition, Call Merchant, Bribe
Branch


You were on level 9 of the Dungeon.
You worshipped Gozag.
Gozag was pleased with you.
You visited 2 branches of the dungeon, and saw 11 of its levels.

You collected 920 gold pieces.
You spent 232 gold pieces at shops.
You paid 65 gold pieces to Gozag.

Inventory:

Hand Weapons
 a - a +0 war axe (weapon)
 f - the +8 short sword "Etacw" {flame, Fly Dex+2 Stlth+}
   (You took it off a gnoll on level 7 of the Dungeon)

   It burns those it strikes, dealing additional fire damage.
   Dex:       It affects your dexterity (+2).
   Fly:       It grants you flight.
   Stlth:     It makes you more stealthy.
 m - the +4 war axe of the Tomato {pain, rElec rC++ Will+ Dex-5}
   (You found it on level 8 of the Dungeon)

   In the hands of one skilled in necromantic magic, it inflicts extra damage on
   living creatures.
   Dex:       It affects your dexterity (-5).
   rC:        It greatly protects you from cold.
   rElec:     It insulates you from electricity.
   Will:      It increases your willpower.
 t - a +3 battleaxe
Missiles
 h - 15 boomerangs
Armour
 e - a +1 pair of boots (worn)
 q - a +0 plate armour (worn)
 r - +0 steam dragon scales
 u - a +0 pair of gloves (worn)
 y - a +0 kite shield (worn)
Jewellery
 g - a +4 ring of slaying (left hand)
 n - a ring of protection from fire (right hand)
 p - an amulet of guardian spirit (around neck)
Wands
 b - a wand of iceblast (5)
 c - a wand of acid (12)
 d - a wand of polymorph (6)
 j - a wand of charming (2)
Scrolls
 o - a scroll of silence
Potions
 i - a potion of magic
 l - 2 potions of lignification
 s - a potion of curing


   Skills:
 + Level 7.9 Fighting
 * Level 14.5 Axes
 - Level 4.0 Armour
 - Level 0.2 Dodging
 + Level 2.3 Stealth
 - Level 4.0 Shields


You had 10 spell levels left.
You didn't know any spells.
Your spell library contained the following spells:

 Spells                   Type           Power      Damage    Failure   Level
 Freeze                   Ice            0%         1d3       100%        1
 Shock                    Conj/Air       0%         1d3       100%        1
 Slow                     Hex            0%         N/A       100%        1
 Summon Small Mammal      Summ           0%         N/A       100%        1
 Static Discharge         Conj/Air       0%         N/A       100%        2
 Sublimation of Blood     Necr           0%         N/A       100%        2
 Call Canine Familiar     Summ           0%         N/A       100%        3
 Confusing Touch          Hex            0%         N/A       100%        3
 Frozen Ramparts          Ice            0%         1d2       100%        3
 Gell's Gravitas          Tloc           0%         N/A       100%        3
 Lesser Beckoning         Tloc           0%         N/A       100%        3
 Summon Guardian Golem    Hex/Summ       0%         N/A       100%        3
 Teleport Other           Tloc           0%         N/A       100%        3
 Vampiric Draining        Necr           0%         2d6       100%        3
 Airstrike                Air            0%         N/A       100%        4
 Animate Armour           Summ/Erth      0%         N/A       100%        4
 Hailstorm                Conj/Ice       0%         3d3       100%        4
 Petrify                  Tmut/Erth      0%         N/A       100%        4
 Blade Hands              Tmut           0%         N/A       100%        5
 Irradiate                Conj/Tmut      0%         3d13      100%        5
 Lightning Bolt           Conj/Air       0%         1d11      100%        5
 Iron Shot                Conj/Erth      0%         9d1       100%        6
 Maxwell's Capacitive Co  Air            0%         ∞         100%        8
 Swiftness                Air            Unusable   N/A       N/A         3

Dungeon Overview and Level Annotations

Branches:
Dungeon (10/15)            Temple (1/1) D:6
   Lair: D:8-11         Orc: D:9-12

Altars:
Ashenzari
Cheibriados
Dithmenos
Elyvilon
Fedhas
Gozag
Hepliaklqana
Kikubaaqudgha
Makhleb
Nemelex Xobeh
Okawaru
Qazlal
Ru
Sif Muna
Trog
Uskayaw
Vehumet
Wu Jian
Xom
Yredelemnul
Zin
The Shining One

Shops:
D:6 [   D:8 *

Annotations:
D:5 1 runed translucent door, browni3141's ghost, novice MiBe


Innate Abilities, Weirdness & Mutations

You cannot be hasted, slowed, berserked, paralysed or teleported.
You can dig through walls and to a lower floor.
You have a pair of large antennae on your head. (SInv)
Your four strong arms can wield two-handed weapons with a shield.
You have sharp toenails.
You sometimes lose the ability to read scrolls when taking damage.


Message History

You kill the slime creature!
No target in view!
No target in view!
Magic restored.
HP restored.
You now have 623 gold pieces (gained 4).
Found an escape hatch in the floor.
The death knight shouts!
Okay, then.
You feel very mighty all of a sudden. You block the death knight's attack.
The death knight calls down the wrath of Yredelemnul upon you.
You struggle to resist.
You hit the death knight.
The death knight is lightly wounded.
You block the death knight's attack.
You slice the death knight!!
The death knight is moderately wounded.
You block the death knight's attack.
You hit the death knight.
The death knight is moderately wounded.
The death knight hits you with a +4 halberd of venom!!
You are poisoned.
You slash the death knight!
The death knight is heavily wounded.
You feel very sick.
The death knight hits you with a +4 halberd of venom!!
You feel threatened and lose the ability to read scrolls!
You are lethally poisoned!
You hit the death knight.
The death knight is heavily wounded.
You feel extremely sick.
The death knight drinks a potion.
The death knight seems to grow stronger.
You slice the death knight!!
The death knight is severely wounded.
You feel extremely sick.
The death knight hits you with a +4 halberd of venom!!!
You die...
Your body crumbles into a pile of gold.

.p)).o.......................##
###.<.......................##
# #........................##
#*#.......................##
.,.......................##
........................##
.......................##
......................##
................@....##
,,,,,,,,,......p....##
,,,,,,,,,..........##
,,,,,,,,,......>..##
,,,,,,,,,........##
,,,,,,,,,.......##
,,,,,,,,,......#*
,,,,,,,,,.....#*
,,,,,,,,,,,,,**


You could see a death knight (strong).

Vanquished Creatures
  A centaur warrior (D:9)
  A wizard (D:9)
  A gargoyle (D:10)
  Maggie (D:8)
  A troll (D:7)
  A slime creature (D:9)
  A vampire (D:7)
  2 wyverns
  A shadow (D:6)
  3 yaks (D:8)
  A steam dragon (D:6)
  Edmund (D:6)
  An acid dragon (D:10)
  4 water moccasins
  An ice beast (D:7)
  2 ogres (D:5)
  2 phantoms
  A kobold brigand (D:6)
  A wyvern zombie (D:8)
  2 bullfrogs
  A gnoll sergeant (D:7)
  A water moccasin skeleton (D:4)
  13 killer bees
  10 wights
  2 howler monkeys (D:6)
  A bullfrog zombie (D:5)
  2 hounds (D:5)
  2 jellies
  3 orc priests
  A centaur skeleton (D:6)
  Jessica (D:2)
  4 iguanas
  2 orc wizards
  A hound zombie (D:5)
  A howler monkey zombie (D:9)
  7 gnolls (D:7)
  9 adders
  An ufetubus (D:5)
  2 adder skeletons (D:4)
  5 dart slugs
  20 orcs
  8 ball pythons
  10 endoplasms
  A giant cockroach (D:4)
  11 goblins
  2 hobgoblins
  4 quokkas
  4 bats
  2 frilled lizards (D:1)
  11 kobolds
  10 rats
  A spectral kobold (D:2)
182 creatures vanquished.

Vanquished Creatures (others)
  A gnoll (D:7)
1 creature vanquished.

Grand Total: 183 creatures vanquished

Notes
Turn   | Place    | Note
-------+----------+-------------------------------------------
     0 | D:1      | AlmostDecent the Formicid Fighter began the quest for the
                  | Orb.
     0 | D:1      | Reached XP level 1. HP: 18/18 MP: 1/1
   217 | D:1      | Reached XP level 2. HP: 24/24 MP: 2/2
   679 | D:1      | Reached XP level 3. HP: 30/30 MP: 3/3
   993 | D:2      | Found a faded altar of an unknown god.
  1110 | D:2      | Noticed Jessica
  1120 | D:2      | Killed Jessica
  1121 | D:2      | Reached XP level 4. HP: 21/37 MP: 4/4
  1308 | D:2      | Reached skill level 3 in Axes
  2134 | D:3      | Reached XP level 5. HP: 42/42 MP: 5/5
  2835 | D:4      | Reached skill level 4 in Axes
  3001 | D:4      | Reached XP level 6. HP: 43/48 MP: 6/6
  3003 | D:4      | Reached skill level 5 in Axes
  3468 | D:4      | Reached skill level 6 in Axes
  3468 | D:4      | Reached XP level 7. HP: 29/54 MP: 3/7
  3760 | D:5      | Entered Level 5 of the Dungeon
  3760 | D:5      | Found a runed translucent door.
  3762 | D:5      | Noticed a wyvern
  3773 | D:5      | Killed a wyvern
  3774 | D:5      | Reached skill level 7 in Axes
  3774 | D:5      | Reached skill level 1 in Stealth
  4046 | D:5      | Noticed a water moccasin
  4059 | D:5      | Killed a water moccasin
  4060 | D:5      | Reached XP level 8. HP: 37/61 MP: 6/8
  4310 | D:5      | Noticed browni3141's ghost (novice MiBe)
  4331 | D:5      | Reached skill level 8 in Axes
  4357 | D:5      | Found a basalt altar of Yredelemnul.
  4675 | D:6      | Found Reaguf's Antique Armour Shop.
  4714 | D:6      | Bought a kite shield for 112 gold pieces
  4738 | D:6      | Noticed Edmund
  4748 | D:6      | Killed Edmund
  4749 | D:6      | Reached skill level 9 in Axes
  5148 | D:6      | Reached XP level 9. HP: 62/67 MP: 9/9
  5148 | D:6      | Found a staircase to the Ecumenical Temple.
  5162 | Temple   | Entered the Ecumenical Temple
  5297 | Temple   | Became a worshipper of Gozag Ym Sagoz the Greedy
  5346 | D:6      | Reached skill level 5 in Fighting
  5346 | D:6      | Reached skill level 10 in Axes
  6116 | D:7      | Noticed a troll
  6129 | D:7      | Killed a troll
  6130 | D:7      | Reached skill level 11 in Axes
  6570 | D:7      | HP: 3/68 [vampire/vampiric draining (7)]
  6575 | D:7      | HP: 3/68 [vampire (7)]
  6591 | D:7      | Gained mutation: Your muscles are strong. (Str +2) [potion
                  | of mutation]
  6591 | D:7      | Gained mutation: Your body sometimes deteriorates upon
                  | taking damage. [potion of mutation]
  6591 | D:7      | Gained mutation: Your spells are a little harder to cast,
                  | but a little more powerful. [potion of mutation]
  6591 | D:7      | Gained mutation: You are agile. (Dex +2) [potion of
                  | mutation]
  7276 | D:7      | Identified the +8 short sword "Etacw" {flame, Fly Dex+2
                  | Stlth+}
  7708 | D:8      | Found Ovvaf's General Store.
  7722 | D:8      | Reached XP level 10. HP: 73/76 MP: 8/10
  7725 | D:8      | Reached skill level 12 in Axes
  8049 | D:8      | Bought a potion of mutation for 80 gold pieces
  8049 | D:8      | Bought a potion of might for 40 gold pieces
  8049 | D:8      | Lost mutation: Your body sometimes deteriorates upon taking
                  | damage. [potion of mutation]
  8049 | D:8      | Lost mutation: You are agile. (Dex +2) [potion of mutation]
  8049 | D:8      | Lost mutation: Your muscles are strong. (Str +2) [potion of
                  | mutation]
  8049 | D:8      | Lost mutation: Your spells are a little harder to cast, but
                  | a little more powerful. [potion of mutation]
  8049 | D:8      | Gained mutation: You sometimes lose the ability to read
                  | scrolls when taking damage. [potion of mutation]
  8049 | D:8      | Gained mutation: You have sharp toenails. [potion of
                  | mutation]
  8249 | D:8      | Identified the +4 war axe of the Tomato {pain, rElec rC++
                  | Will+ Dex-5}
  8324 | D:8      | Reached skill level 13 in Axes
  8555 | D:8      | You fall into a shaft and drop 2 floors!
  8555 | D:10     | Entered Level 10 of the Dungeon
  8578 | D:10     | Noticed a gargoyle
  8590 | D:10     | Killed a gargoyle
  9026 | D:9      | Noticed a centaur warrior
  9050 | D:9      | Killed a centaur warrior
  9088 | D:9      | Found a flagged portal.
  9095 | D:9      | Noticed a death knight
  9464 | D:8      | Noticed Maggie
  9477 | D:8      | Killed Maggie
  9777 | D:9      | Reached XP level 11. HP: 59/81 MP: 7/11
  9779 | D:9      | Reached skill level 14 in Axes
  9823 | D:9      | Noticed a wizard
  9835 | D:9      | Killed a wizard
 10035 | D:9      | Mangled by a death knight

Illustrated notes

Levels and vault maps discovered:
D:1:      mrwooster_arrival_statue_3, layout_basic, minmay_stone_trees_small
D:2:      layout_basic, dreamdust_ecumenical_altar_drowned_temple,
          kennysheep_potato, uniq_jessica
D:3:      layout_loops_corners
D:4:      minmay_skewed_foursquare, layout_cave_pools
D:5:      layout_rooms, mainiacjoe_overflow_24_doors, gammafunk_ghost_grave
D:6:      layout_loops_ring, minmay_temple_entry_junction_2, serial_shops,
          nicolae_shop_trees, minmay_misc_feat_x, chequers_avenue, uniq_edmund
D:7:      layout_rooms
D:8:      layout_cave_pools, serial_shops, shop, minmay_misc_feat_encased,
          uniq_maggie
D:9:      layout_big_octagon, enter_bailey_5, minivault_20, laboratory
D:10:     layout_roguey
Temple:   grunt_wide_crystal_templ

Skill      XL: |  1  2  3  4  5  6  7  8  9 10 11 |
---------------+----------------------------------+-----
Shields        | 4 |  4.0
Axes           | 3 4 6 7 9 11 13 14 | 14.5
Armour         | 4 |  4.0
Fighting       | 4 5 7 |  7.9
Stealth        | 1 2 |  2.3
Dodging        | |  0.2

Action                   |  1- 3 |  4- 6 |  7- 9 | 10-12 || total
-------------------------+-------+-------+-------+-------++-------
Melee: War axe           |    78 |   127 |   207 |   210 ||   622
 Abil: Dig               |     1 |       |       |     1 ||     2
  Use: Scroll            |       |     6 |     6 |     1 ||    13
       Potion            |       |       |    17 |     2 ||    19
 Stab: Distracted        |       |       |       |     2 ||     2
Armor: Scale mail        |    28 |    13 |       |       ||    41
       Plate armour      |       |    61 |   126 |    93 ||   280
       Skin              |       |       |     9 |       ||     9
Dodge: Dodged            |    34 |    41 |    36 |    40 ||   151
Block: Buckler           |    19 |    25 |    11 |       ||    55
       Kite shield       |       |       |    76 |    94 ||   170
